 Dungeon Crawl Stone Soup version 0.26-a0-812-g31a745ddcd (webtiles) character file.

Game seed: 18072207769833497271

25 Lanoc the Digger (level 2, -3/21 HPs)
             Began as a Palentonga Earth Elementalist on Dec 2, 2020.
             Killed by divine providence
             ... invoked by an orc priest
              (14 damage)
             ... on level 2 of the Dungeon.
             The game lasted 00:01:05 (685 turns).

Lanoc the Digger (Palentonga Earth Elementalist)     Turns: 685, Time: 00:01:06

Health: -3/21      AC:  4    Str: 11    XL:     2   Next: 82%
Magic:  2/5        EV: 10    Int: 15    God:
Gold:   86         SH:  0    Dex: 10    Spells: 4/5 levels left

rFire    . . .     SeeInvis +   f - +3 quarterstaff (drain)
rCold    . . .     Faith    .   (shield currently unavailable)
rNeg     . . .     Spirit   .   c - +0 robe
rPois    .         Reflect  .   (no helmet)
rElec    .         Harm     .   (no cloak)
rCorr    .         Rampage  .   (no gloves)
MR       .....                  (no barding)
Stlth    +.........             (no amulet)
HPRegen  0.07/turn              (no ring)
MPRegen  0.09/turn              (no ring)

@: no status effects
A: large, rugged brown scales 3, see invisible, deformed body, roll, armoured
tail
a: Rolling Charge


You were on level 2 of the Dungeon.
You visited 1 branch of the dungeon, and saw 2 of its levels.

You collected 86 gold pieces.

Inventory:

Hand Weapons
 f - a +3 quarterstaff of draining (weapon)
Missiles
 b - 58 stones (quivered)
Armour
 c - a +0 robe (worn)
Scrolls
 e - a scroll of fog {unknown}
Potions
 a - a potion of magic {unknown}
 d - a potion of heal wounds {unknown}


   Skills:
 + Level 2.0 Dodging
 - Level 1.2 Stealth
 - Level 2.0 Spellcasting
   Level 1.0 Transmutations
 * Level 3.4 Earth Magic


You had 4 spell levels left.
You knew the following spells:

 Your Spells              Type           Power        Failure   Level
a - Sandblast             Erth           ##....       5%          1

Your spell library contained the following spells:

 Spells                   Type           Power        Failure   Level
 Passwall                 Tmut/Erth      #.......     14%         2
 Stone Arrow              Conj/Erth      #.....       32%         3
 Petrify                  Tmut/Erth      #.......     65%         4
 Lee's Rapid Deconstruct  Erth           ##........   83%         5


Dungeon Overview and Level Annotations

Branches:
Dungeon (2/15)

Altars:


Innate Abilities, Weirdness & Mutations

You are completely covered in rugged brown scales. (AC +3, +7% HP)
You have supernaturally acute eyesight. (SInv)
Armour fits poorly on your strangely shaped body.
You can roll at foes to attack.
You have a long armoured tail.


Message History

b - 60 stones
Casting: Sandblast (safe; 5% risk of failure)
Confirm with . or Enter, or press ? or * to list all spells.
Aiming: Sandblast (safe; 5% risk of failure)
Press: ? - help, Shift-Dir - straight line, f - orc
Aim: an orc, wearing a +0 chain mail The blast of sand hits the orc but does no damage.
b - 59 stones The orc hits you.
Casting: Sandblast (safe; 5% risk of failure)
Confirm with . or Enter, or press ? or * to list all spells.
Aiming: Sandblast (safe; 5% risk of failure)
Press: ? - help, Shift-Dir - straight line, f/p - orc
Aim: an orc, wearing a +0 chain mail The blast of sand hits the orc but does no damage.
b - 58 stones The orc priest calls down the wrath of Beogh upon you.
Beogh smites you!
Ouch! That really hurt!
You die...

.oo..>....
.#.#######...
#.o....... #.#
#... #........ #.#
#..# #........ #.#
#..# #......o# #.#
#..# #......o# #.#
#..# #o# #.# #..#
#o# #.# #..# #@#
#.# #..# #.# #.#
##..#
#.#####(######....
#....(......†'....
####....##...#....
#.#..##...#....
#.....'...+....
#.##.##..(#....
#....##...##+##


You could see an orc priest and 3 orcs.

Vanquished Creatures
  A worm (D:2)
  2 leopard geckos (D:1)
  A giant cockroach (D:2)
  4 goblins
  3 hobgoblins
  2 kobolds (D:1)
  3 bats (D:1)
  2 frilled lizards
  A rat (D:1)
19 creatures vanquished.

Notes
Turn   | Place    | Note
-------+----------+-------------------------------------------
     0 | D:1      | Lanoc the Palentonga Earth Elementalist began the quest for
                  | the Orb.
     0 | D:1      | Reached XP level 1. HP: 14/14 MP: 3/3
   200 | D:1      | Reached skill level 3 in Earth Magic
   304 | D:1      | Reached XP level 2. HP: 16/21 MP: 0/5
   685 | D:2      | Killed from afar by an orc priest

Illustrated notes

Levels and vault maps discovered:
D:1:      sevenhm_arrival_forest_fort_large_4, layout_rooms
D:2:      layout_basic, fiery_altar_vehumet

Skill      XL: |  1  2 |
---------------+-------+-----
Earth Magic    | 3 |  3.4
Dodging        | 2 |  2.0
Stealth        | |  1.2
Spellcasting   | |  2.0
Transmutations | |  1.0

Action                   || total
-------------------------++-------
Melee: Unarmed           ||    19
       Tailslap          ||     7
       Quarterstaff      ||    12
 Cast: Sandblast         ||    18
 Abil: Rolling Charge    ||     4
Armor: Robe              ||     9
Dodge: Dodged            ||    18

Table legend: (Time is in decaauts)
 A = Elapsed time spent in this place.
 B = Non-inter-level travel time spent in this place.
 C = Inter-level travel time spent in this place.
 D = Time resting spent in this place.
 E = Time spent auto-exploring this place.
 F = Levels seen in this place.
 G = Mean time per level.
                   A        B        C        D        E       F      G
               +--------+--------+--------+--------+--------+-----+--------+
         Total |    687 |    687 |      0 |      0 |    568 |   2 |  343.5 |
       Dungeon |    687 |    687 |      0 |      0 |    568 |   2 |  343.5 |
               +--------+--------+--------+--------+--------+-----+--------+

Top non-repeatable levels by time:
     D:1: 508 daAuts
     D:2: 179 daAuts
